 Dungeon Crawl Stone Soup version 0.25-a0-589-g1e14c549ee (webtiles) character file.

Game seed: 11170424762750784230, levelgen mode: classic

1967 EnegeticOcto the Fighter (level 9, -2/78 HPs)
             Began as a Mummy Chaos Knight on Mar 13, 2020.
             Was a Plaything of Xom.
             Slain by a small abomination (3 damage)
             ... on level 3 of the Abyss.
             The game lasted 00:10:51 (7444 turns).

EnegeticOcto the Fighter (Mummy Chaos Knight)       Turns: 7444, Time: 00:10:52

Health: -2/78      AC: 12    Str: 19 (21) XL:     9   Next: 0%
Magic:  0/9        EV:  7    Int: 10 (11) God:    Xom [.*....]
Gold:   484        SH:  0    Dex: 12      Spells: 8/8 levels left

rFire    x . .     SeeInvis .   b - +4 quarterstaff (chaos)
rCold    + . .     Gourm    .   (shield currently unavailable)
rNeg     + + +     Faith    .   n - +0 chain mail
rPois    ∞         Spirit   +   (no helmet)
rElec    .         Reflect  .   j - +1 cloak {MR+}
rCorr    .         Harm     .   l - +1 pair of gloves {Str+3}
MR       ++...                  (no boots)
Stlth    ..........             d - amulet of guardian spirit
HPRegen  0.23/turn              (no ring)
MPRegen  0.11/turn              (no ring)

@: about to teleport
A: no food or potions, fire vulnerability, cold resistance 1, negative energy
resistance 3, torment resistance, unbreathing
a: Renounce Religion


You were on level 3 of the Abyss.
You worshipped Xom.
You were a plaything of Xom.
You were not hungry.

You visited 1 branch of the dungeon, and saw 6 of its levels.
You visited the Abyss 1 time.
You also visited: Sewer.

You collected 484 gold pieces.

Inventory:

Hand Weapons
 a - a +2 dagger of venom
 b - a +4 quarterstaff of chaos (weapon)
 s - a +0 quarterstaff
Missiles
 e - 5 bolts
 f - 23 boomerangs (quivered)
 q - 53 arrows
Armour
 j - a +1 cloak of magic resistance (worn)
 l - a +1 pair of gloves of strength (worn)
 n - a +0 chain mail (worn)
 o - a +0 helmet
Jewellery
 d - an amulet of guardian spirit (around neck)
 t - an uncursed ring of ice
Wands
 i - a wand of iceblast (6)
 p - a wand of random effects (13)
Scrolls
 g - a scroll of fog {!r}
 h - 2 scrolls of teleportation {@r3 !r}
 k - 2 scrolls of fear {!r}
 m - 5 scrolls of remove curse {@r2}
 r - a scroll of magic mapping {@r5 !r}
 u - a scroll of torment


   Skills:
 + Level 9.6 Fighting
   Level 2.4(4.5) Maces & Flails
 + Level 6.0(6.2) Staves
 - Level 1.5 Armour
 - Level 0.7 Dodging


You had 8 spell levels left.
You didn't know any spells.
Your spell library was empty.

Dungeon Overview and Level Annotations

Branches:
Dungeon (6/15)             Temple (0/1) D:6           Sewer (visited)

Altars:
Fedhas
Gozag
Okawaru
Sif Muna
Xom

Annotations:
D:4 Natasha


Innate Abilities, Weirdness & Mutations

You do not eat or drink.
Your flesh is vulnerable to fire.
You are immune to poison.
Your flesh is cold resistant. (rC+)
You are immune to negative energy. (rN+++)
You are immune to unholy pain and torment.
You can survive without breathing.


Message History

The puff of frost hits you but does no damage.
The crimson imp blinks!
The white imp gestures at you. The puff of frost hits you. You resist.
A wretched star comes into view.
The crimson imp throws a stone.
The stone hits you but does no damage.
The crimson imp shouts, "Slither hence, thou frothy shard-borne roll of bandages!"
Found a gateway leading deeper into the Abyss.
The wretched star pulses with an eldritch light!
Your body decomposes!
You feel weakened.
The crimson imp blinks!
Found 11 gold pieces.
The crimson imp shouts!
A crimson imp comes into view.
The white imp gestures at you. The puff of frost hits you. You resist.
The crimson imp shouts, "Surrender, thou paunchy ditch-delivered tombling!"
The crimson imp blinks!
A red very ugly thing comes into view.
The red very ugly thing gurgles horribly!
The white imp lashes its tail.
The crimson imp throws a stone.
The stone hits you but does no damage.
You are suddenly pulled into a different region of the Abyss!
You are now a plaything of Xom.
Found a scroll labeled OLADOAT GAEQU.
u - a scroll labeled OLADOAT GAEQU
As you read the scroll of identify {@r1}, it crumbles to dust.
u - a scroll of torment A bone dragon comes into view.
Found 8 sling bullets.
A flayed ghost comes into view.
A white imp comes into view.
Found 41 gold pieces.
The white imp shouts!
The flayed ghost closely misses you. The flayed ghost hits you.
The white imp hits you but does no damage.
Xom's power touches on your mind for a moment.
You are confused.
The white imp looks rather confused.
You bump into the metal wall.
The flayed ghost hits you!
The white imp hits the bone dragon but does no damage.
You bump into the rock wall.
You feel less confused. The flayed ghost hits you.
A sky beast comes into view.
Really read
h - 3 scrolls of teleportation {@r3 !r}?
As you read the scroll of teleportation {@r3 !r}, it crumbles to dust.
You feel strangely unstable.
You feel the power of the Abyss delaying your translocation!
The sky beast flickers out of sight!
Deactivating autopickup; reactivate with Ctrl-A.
An ufetubus comes into view.
A wretched star comes into view.
The ufetubus shouts!
Something hits you but does no damage.
The wretched star pulses with an eldritch light!
Your body decomposes!
You feel dopey.
Your body decomposes!
You feel weakened.
A small abomination comes into view.
The wretched star glows turbulently.
The lance of force hits you!
You are knocked back by the lance of force.
You slam into the crystal wall!
The ufetubus barely misses you.
The ufetubus hits you but does no damage.
The wretched star pulses with an eldritch light!
A sky beast appears from thin air!
Reactivating autopickup.
The ufetubus barely misses you. x2
The ufetubus hits you.
The ufetubus hits you but does no damage.
As you read the scroll of identify {@r1}, it crumbles to dust.
r - a scroll of magic mapping
Okay, then.
Okay, then.
You feel more attuned to ice.
t - a ring of ice (left hand)
The bone dragon bites you!
You emit a cloud of colourful smoke!
The bone dragon claws you. The bone dragon barely misses you.
You remove your ring of ice.
The small abomination completely misses you.
The bone dragon closely misses you. The bone dragon barely misses you.
The bone dragon tramples you but does no damage.
The small abomination hits you! The bone dragon bites you!!
* * * LOW HITPOINT WARNING * * *
Xom roars with laughter!
The bone dragon claws you!
* * * LOW HITPOINT WARNING * * *
The bone dragon tramples you.
* * * LOW HITPOINT WARNING * * *
You hold your ground!
The sky beast flickers out of sight!
Deactivating autopickup; reactivate with Ctrl-A.
The small abomination hits you.
You die...
Xom guffaws!

#...#... ..#
# ...## ..#
#..##..###
#.*W.# .#
##..Y.....#
#..D##....#
##*.###..###
#{D##...#.##
##x@####.#.#
## ##### .#
.. .##.. #
.#.# ....#
#....# ...
#.#..## #.
..5.#.## #..
.#. ##


You could see a bone dragon, a wretched star and a small abomination.

Vanquished Creatures
  Pikel (D:4)
  Duvessa (D:5)
  A water moccasin (D:6)
  An orc warrior (D:6)
  A slave (D:4)
  A bullfrog (D:6)
  Dowan (D:5)
  3 wights (D:6)
  A crimson imp (Abyss:1)
  3 orc wizards
  Crazy Yiuf (D:3)
  4 hounds
  2 bullfrog skeletons (D:6)
  Jessica (D:2)
  2 iguanas (D:5)
  Natasha (twice) (D:4)
  3 worker ants
  Ijyb (D:5)
  A mummy (D:4)
  Robin (D:3)
  8 adders
  A shadow imp (D:6)
  2 oozes
  An adder skeleton (D:4)
  A worm (D:2)
  2 dart slugs
  9 leopard geckos
  9 orcs
  2 ball pythons
  7 bats
  11 giant cockroaches
  19 goblins
  10 hobgoblins
  3 jackals (D:3)
  3 quokkas
  10 frilled lizards
  A hobgoblin zombie (D:4)
  10 kobolds
  3 kobold zombies (D:4)
  5 rats
149 creatures vanquished.

Vanquished Creatures (collateral kills)
  Sigmund (D:2)
  Purgy (Sewer)
2 creatures vanquished.

Vanquished Creatures (others)
  A slave (D:4)
  2 orc wizards (D:3)
  A worker ant (D:4)
  An orc (D:3)
  A starspawn tentacle (Abyss:1)
6 creatures vanquished.

Grand Total: 157 creatures vanquished

Notes
Turn   | Place    | Note
-------+----------+-------------------------------------------
     0 | D:1      | EnegeticOcto the Mummy Chaos Knight began the quest for the
                  | Orb.
     0 | D:1      | Reached XP level 1. HP: 18/18 MP: 1/1
   219 | D:1      | Reached XP level 2. HP: 23/24 MP: 2/2
   273 | D:1      | XOM: harmless Conj miscast
   496 | D:1      | Reached skill level 4 in Fighting
   503 | D:1      | Reached XP level 3. HP: 26/30 MP: 3/3
   620 | D:1      | XOM: harmless Conj miscast
   826 | D:2      | Noticed Sigmund
   826 | D:2      | Noticed Robin
   850 | D:1      | XOM: harmless Tmut miscast
   855 | D:2      | Noticed Jessica
   859 | D:2      | XOM: harmless Air miscast
   862 | D:2      | Killed Jessica
   890 | D:2      | Reached XP level 4. HP: 12/38 MP: 4/4
   932 | D:3      | Reached skill level 5 in Fighting
  1058 | D:3      | XOM: scenery: 1 doors open
  1315 | D:3      | XOM: cleaving
  1324 | D:3      | XOM: divine lightning
  1328 | D:3      | Reached XP level 5. HP: 20/46 MP: 2/5
  1450 | D:3      | XOM: god gift: 57 gold pieces
  1635 | D:3      | XOM: scenery: 1 doors open, 2 doors close
  1772 | D:3      | XOM: scenery: 1 doors open, 1 doors close
  2027 | D:3      | XOM: scenery: create altars
  2120 | D:3      | Found a runed translucent door.
  2121 | D:3      | Noticed Crazy Yiuf
  2312 | D:3      | Killed Crazy Yiuf
  2312 | D:3      | Reached skill level 6 in Fighting
  2473 | D:3      | XOM: cloud trail
  2499 | D:3      | XOM: god gift: pair of glowing gloves {god gift}
  2694 | D:4      | XOM: 1-stop teleportation journey
  2729 | D:4      | XOM: cleaving
  2732 | D:5      | Entered Level 5 of the Dungeon
  2950 | D:4      | XOM: potion effect (brilliance)
  2958 | D:4      | XOM: cleaving
  2964 | D:5      | XOM: polymorph orc priest -> worker ant
  2968 | D:5      | Reached skill level 1 in Staves
  3011 | D:4      | XOM: cast spell 'Metabolic Englaciation'
  3017 | D:4      | Reached XP level 6. HP: 48/53 MP: 4/6
  3070 | D:4      | Noticed Pikel
  3070 | D:4      | Noticed a slave
  3070 | D:4      | XOM: confuse monster(s)
  3070 | D:4      | Noticed a slave
  3077 | D:4      | XOM: enchant monster (good)
  3080 | D:4      | Noticed a slave
  3080 | D:4      | Noticed a slave
  3111 | D:4      | Killed a slave
  3114 | D:4      | XOM: summons friendly white imp
  3118 | D:4      | XOM: summons friendly quasit
  3119 | D:4      | Killed Pikel
  3119 | D:4      | Reached skill level 7 in Fighting
  3119 | D:4      | Reached XP level 7. HP: 41/60 MP: 5/7
  3797 | D:4      | Noticed Natasha
  3806 | D:4      | Killed Natasha
  3865 | D:4      | Noticed Natasha
  3871 | D:4      | XOM: confuse monster(s)
  3873 | D:4      | Killed Natasha
  3913 | D:5      | Found an iron altar of Okawaru.
  4063 | D:5      | Found a blossoming altar of Fedhas.
  4134 | D:5      | XOM is BORED!
  4134 | D:5      | XOM: medium Ice miscast
  4305 | D:5      | Noticed Duvessa
  4310 | D:5      | Noticed Dowan
  4321 | D:5      | Killed Duvessa
  4321 | D:5      | Reached skill level 8 in Fighting
  4330 | D:5      | Killed Dowan
  4330 | D:5      | Reached XP level 8. HP: 52/68 MP: 6/8
  4402 | D:5      | XOM: cloud trail
  4552 | D:5      | XOM: mild Tmut miscast
  4604 | D:5      | Noticed Ijyb
  4613 | D:5      | Killed Ijyb
  4711 | D:5      | Found an opulent altar of Gozag.
  4749 | D:5      | XOM: harmless Conj miscast
  5027 | D:6      | XOM: summons 4 friendly demons
  5056 | D:6      | Reached skill level 5 in Staves
  5067 | D:6      | XOM: divination: magic mapping
  5268 | D:6      | Reached skill level 9 in Fighting
  5374 | D:6      | Found a shimmering altar of Xom.
  5401 | D:6      | Found a glowing drain.
  5427 | Sewer    | Entered a sewer
  5531 | Sewer    | Noticed Purgy
  5531 | Sewer    | XOM: divination: detect creatures
  5538 | Sewer    | XOM: summons 2 friendly demons
  5540 | Sewer    | Killed Purgy
  5579 | Sewer    | XOM: cloud trail
  5992 | D:6      | Found a staircase to the Ecumenical Temple.
  6170 | D:6      | XOM: harmless Ice miscast
  6292 | D:3      | Killed Robin
  6458 | D:2      | XOM: divination: magic mapping
  6580 | D:2      | Killed Sigmund
  6633 | D:2      | You fall into a shaft and drop 2 floors!
  6645 | D:4      | Noticed Natasha
  6842 | D:2      | Found a shimmering blue altar of Sif Muna.
  6903 | D:2      | XOM: summons 3 hostile shadow creatures
  7076 | D:6      | XOM: mild Summ miscast
  7091 | D:6      | Cast into level 1 of the Abyss (spatial vortex)
  7092 | Abyss:1  | XOM: summons 4 hostile demons
  7141 | Abyss:1  | Reached XP level 9. HP: 62/78 MP: 9/9
  7149 | Abyss:1  | Noticed a tentacled starspawn
  7186 | Abyss:1  | Noticed a thrashing horror
  7197 | Abyss:1  | XOM: summons 9 friendly demons
  7247 | Abyss:1  | Noticed a lich
  7255 | Abyss:1  | XOM: cast spell 'Summon Small Mammal'
  7262 | Abyss:1  | Found a corrupted altar of Lugonu.
  7360 | Abyss:3  | Noticed a wretched star
  7364 | Abyss:3  | Noticed a red very ugly thing
  7402 | Abyss:3  | Noticed a bone dragon
  7411 | Abyss:3  | Noticed a flayed ghost
  7419 | Abyss:3  | XOM: confusion (+ monsters)
  7433 | Abyss:3  | Noticed a wretched star
  7441 | Abyss:3  | XOM: smoke on damage
  7444 | Abyss:3  | HP: 2/78 [bone dragon (7)]
  7444 | Abyss:3  | Slain by a small abomination

Levels and vault maps discovered:
D:1:      heliophobic_arrival_glass_houses, layout_basic, serial_glass,
          glass_columns_b, glass_columns_b
D:2:      layout_rooms, led_sif_pool, uniq_jessica, uniq_sigmund, uniq_robin
D:3:      layout_basic, first_ration, uniq_crazy_yiuf_cottage
D:4:      layout_loops_ring, minmay_mini_ossuary, uniq_natasha, uniq_pikel
D:5:      layout_loops_corners, nicolae_overflow_hidden_temple,
          lemuel_coloured_pillars_altar, hangedman_abyss_or_decor_stagger,
          uniq_ijyb, uniq_duvessa
D:6:      minmay_octagon_keep, layout_basic, xom_teletrap_fun,
          minmay_temple_entry_nine_rooms, portal_sewer_entry_f
Abyss:3:  base: D:1, guppyfry_abyss_exit_imp_island,
          evilmike_abyss_rune_elephants_shrine, guppyfry_abyss_exit_imp_island,
          evilmike_abyss_rune_elephants_shrine, evilmike_abyss_rune_ettins

Skill      XL: |  1  2  3  4  5  6  7  8 |
---------------+-------------------------+-----
Fighting       | 4 5 6 7 8 9 |  9.6
Staves         | 1 3 4 6 |  6.0
Maces & Flails | |  2.4
Armour         | |  1.5
Dodging        | |  0.7

Action                   |  1- 3 |  4- 6 |  7- 9 || total
-------------------------+-------+-------+-------++-------
Melee: Mace              |    75 |    29 |       ||   104
       Dagger            |       |   115 |   128 ||   243
       Quarterstaff      |       |       |   171 ||   171
Throw: Boomerang         |       |     1 |     3 ||     4
Evoke: Wand              |       |     2 |       ||     2
  Use: Scroll            |       |     4 |    10 ||    14
 Stab: Distracted        |       |       |     1 ||     1
       Paralysed         |       |       |     1 ||     1
Armor: Leather armour    |    25 |    65 |    19 ||   109
       Chain mail        |       |       |   176 ||   176
Dodge: Dodged            |    60 |    80 |   142 ||   282

Table legend:
 A = Non-vault XP
 B = Vault XP
 C = Vault XP percentage of total XP
 D = Non-vault monster count
 E = Vault monster count
 F = Vault count percentage of total count
                 A         B        C        D         E       F
            +---------+---------+-------+---------+---------+-------
      Total |    1374 |    1436 |  51.1 |     106 |      46 |  30.3
            +---------+---------+-------+---------+---------+-------
        D:1 |      48 |       0 |   0.0 |      27 |       0 |   0.0
        D:2 |      42 |     219 |  83.9 |      10 |       5 |  33.3
        D:3 |     138 |      72 |  34.3 |      32 |      11 |  25.6
        D:4 |     145 |     657 |  81.9 |      10 |       7 |  41.2
        D:5 |     247 |     268 |  52.0 |      11 |       3 |  21.4
        D:6 |     706 |     112 |  13.7 |      15 |      13 |  46.4
    Abyss:1 |      48 |       0 |   0.0 |       1 |       0 |   0.0
      Sewer |       0 |     108 | 100.0 |       0 |       7 | 100.0
            +---------+---------+-------+---------+---------+-------
